Map: Dusk Towers

Players

AniMalMothEr - Winner!

  • Race: Terran Terran
  • League: Platinum

Nano

  • Race: Terran Terran
  • League: Gold

VOD

Have the link to the VOD?

Description

Time

  • Played on: May 16, 2016, 5:02 p.m.
  • Length: 12:08
Show
View Real Time Build Order
Export as new Build Order

AniMalMothEr Terran - Winner!

Build Orders: MMM Bio 

Get SALT Encoding   

  12  0:03  SCV  
  13  0:16  SCV  
  13  0:20  Supply Depot  
  14  0:28  SCV  
  15  0:42  SCV  
  16  0:43  Barracks  
  16  0:54  SCV  
  17  0:59  Barracks  
  17  1:06  SCV  
  18  1:18  SCV  
  19  1:30  Orbital Command, Marine  
  19  1:31  Supply Depot  
  20  1:47  Marine  
  20  1:48  Marine  
  22  1:56  SCV  
  23  2:05  Marine  
  23  2:06  Marine  
  23  2:08  SCV  
  26  2:12  Command Center  
  26  2:20  SCV  
  26  2:23  Marine  
  26  2:24  Marine  
  26  2:27  Supply Depot  
  28  2:32  SCV  
  28  2:35  Barracks  
  29  2:40  Marine  
  29  2:42  Marine  
  31  2:45  Refinery  
  31  2:48  SCV, Refinery  
  32  3:00  SCV  
  32  3:01  Marine x2  
  35  3:14  SCV  
  35  3:19  Marine x2  
  38  3:26  SCV  
  39  3:29  Barracks Tech Lab  
  39  3:33  Orbital Command  
  39  3:36  Marine  
  39  3:37  Marine  
  39  3:38  SCV  
  42  3:48  Marine  
  42  3:54  Marine  
  42  3:55  Marine  
  40  4:06  Marine  
  40  4:09  SCV x2  
  43  4:11  Engineering Bay  
  43  4:12  Marine  
  43  4:13  Marine, Supply Depot  
  43  4:16  Engineering Bay  
  45  4:17  Stimpack  
  45  4:21  SCV x2  
  45  4:23  Marine  
  48  4:26  Supply Depot  
  48  4:30  Marine  
  49  4:31  Marine  
  49  4:33  SCV  
  49  4:34  SCV  
  46  4:47  Terran Infantry Armor Level 1, Terran Infantry Weapons Level 1  
  46  4:52  Marine  
  46  4:53  Marine x2  
  46  4:54  SCV x2  
  46  4:55  Refinery  
  46  4:59  Refinery  
  51  5:01  Supply Depot  
  51  5:06  SCV x2  
  53  5:10  Marine x2  
  53  5:11  Marine  
  56  5:18  SCV x2  
  58  5:28  Marine x3  
  58  5:31  Factory  
  58  5:33  SCV x2  
  63  5:42  Missile Turret  
  63  5:45  SCV x2  
  63  5:46  Marine x3  
  68  5:50  Missile Turret  
  68  5:57  SCV x2  
  68  6:01  Supply Depot  
  68  6:04  Marine x3  
  70  6:09  SCV x2  
  75  6:15  Factory Reactor  
  75  6:17  Combat Shields  
  75  6:19  Starport  
  75  6:21  Marine, SCV x2  
  75  6:22  Marine x2  
  75  6:24  Command Center  
  80  6:30  Armory  
  80  6:37  SCV x2  
  80  6:39  Marine  
  83  6:40  Marine x2  
  83  6:43  Supply Depot  
  83  6:44  Supply Depot  
  85  6:49  SCV  
  86  6:55  Barracks  
  86  6:56  Barracks  
  86  7:04  Marine x3, SCV x2, Medivac  
  86  7:05  Medivac  
  95  7:11  Factory Reactor  
  95  7:17  SCV x2  
  95  7:19  Supply Depot x2  
  95  7:22  Marine x3  
  99  7:39  Missile Turret  
  99  7:40  Marine x3  
  102  7:45  Marine  
  102  7:47  Medivac x2  
  107  7:54  SCV x2  
  107  7:56  Supply Depot, Terran Infantry Armor Level 2, Terran Infantry Weapons Level 2  
  107  7:58  Marine x3  
  112  8:00  Supply Depot  
  112  8:02  Supply Depot  
  112  8:03  Orbital Command  
  112  8:11  SCV x2  
  112  8:12  Marine x2  
  116  8:14  Marine  
  117  8:23  SCV x2  
  119  8:27  Marine x3  
  119  8:30  Marine x2  
  119  8:32  Marine  
  125  8:37  Medivac  
  127  8:45  Marine x3  
  127  8:48  Marine x2  
  132  8:50  Marine  
  123  9:07  Marine x4  
  123  9:08  Marine x2  
  128  9:16  Medivac x2  
  132  9:25  Marine x4  
  132  9:26  Marine x2  
  132  9:27  Barracks  
  132  9:28  Barracks  
  138  9:39  SCV x2  
  138  9:43  Marine x4  
  138  9:44  Marine x2  
  146  9:46  Medivac  
  146  9:52  Factory Reactor  
  148  9:55  Supply Depot  
  148  9:57  Supply Depot, SCV x2  
  150  10:00  Marine  
  150  10:01  Marine x5  
  150  10:03  Supply Depot  
  150  10:05  Supply Depot  
  156  10:15  SCV x2  
  156  10:16  SCV  
  156  10:18  Marine x2  
  156  10:19  Marine x4, Command Center  
  155  10:36  Marine  
  138  10:51  Marine x2  
  138  10:52  Marine x4  
  138  10:54  Marine  
  146  11:01  Medivac x2  
  146  11:03  Starport  
  149  11:09  Marine x3  
  149  11:10  Marine  
  155  11:12  Marine  
  155  11:16  Marine x2  
  158  11:20  Factory Reactor, SCV  
  158  11:21  SCV  
  158  11:23  Barracks Reactor  
  158  11:27  Marine x4  
  158  11:29  Marine  
  158  11:30  Barracks  
  158  11:31  Medivac x2  
  158  11:32  SCV, Barracks x2  
  168  11:33  SCV, Barracks  
  168  11:36  Marine x3  
  172  11:44  Marine  
  172  11:45  Marine x3  
Show
View Real Time Build Order
Export as new Build Order

Nano Terran 

Build Orders: Reaper Expand, Bio Tank 

Get SALT Encoding   

  12  0:02  SCV  
  13  0:15  SCV  
  13  0:19  Supply Depot  
  14  0:27  SCV  
  15  0:40  Refinery  
  15  0:41  SCV  
  16  0:45  Barracks  
  16  0:53  SCV  
  17  1:05  SCV  
  18  1:17  SCV  
  19  1:29  Command Center  
  19  1:32  Reaper  
  20  1:42  Orbital Command  
  20  1:58  Supply Depot  
  20  2:08  Marine  
  21  2:11  Factory  
  21  2:19  SCV  
  22  2:31  SCV  
  22  2:32  Refinery  
  23  2:42  Barracks Tech Lab  
  23  2:47  Orbital Command, SCV  
  24  3:01  Marine  
  24  3:03  Factory Tech Lab  
  24  3:05  Starport, SCV  
  25  3:17  SCV  
  26  3:25  Marine  
  25  3:29  SCV  
  25  3:32  Stimpack  
  26  3:38  SCV  
  26  3:42  Marine  
  26  3:43  SCV  
  22  3:57  SCV  
  22  3:58  SCV  
  22  4:00  Marine  
  22  4:01  Siege Tank  
  28  4:11  Supply Depot, Medivac  
  28  4:12  SCV  
  28  4:13  SCV  
  32  4:18  Marine  
  33  4:27  Barracks  
  33  4:29  SCV  
  33  4:30  SCV  
  33  4:39  Marine  
  33  4:41  Siege Tank  
  33  4:44  SCV  
  33  4:45  SCV  
  38  4:58  Starport Reactor  
  38  4:59  Barracks  
  38  5:03  Marine, SCV  
  38  5:05  SCV  
  41  5:13  Siege Tank  
  44  5:21  Command Center  
  45  5:23  SCV  
  45  5:26  SCV  
  45  5:27  Barracks Reactor  
  46  5:35  Supply Depot  
  46  5:36  Supply Depot  
  46  5:52  Barracks Reactor  
  46  5:56  Marine, SCV, Medivac  
  50  5:59  Supply Depot  
  50  6:05  Marine x2, Supply Depot  
  50  6:07  SCV  
  53  6:13  SCV  
  53  6:14  Marine  
  55  6:20  Siege Tank  
  55  6:21  Medivac  
  60  6:29  SCV x2  
  62  6:34  Supply Depot  
  62  6:38  Orbital Command  
  62  6:42  Marine, Refinery  
  62  6:43  Marine x4  
  67  6:52  SCV x2  
  67  6:53  Siege Tank  
  72  6:59  Refinery  
  72  7:00  Marine  
  73  7:02  Marine x4  
  73  7:04  Medivac  
  79  7:18  Marine  
  79  7:20  Marine, SCV x2  
  79  7:21  Marine x3  
  86  7:30  Orbital Command  
  86  7:36  Marine  
  87  7:40  Marine  
  87  7:41  Marine x3  
  87  7:42  SCV x2  
  93  7:45  Siege Tank  
  93  7:46  Medivac x2  
  100  7:54  Marine  
  101  8:07  Supply Depot  
  101  8:10  Combat Shields, Marine x4  
  101  8:11  Marine, SCV x3  
  109  8:28  Marine x2  
  109  8:29  SCV x2  
  113  8:35  Marine x3, Supply Depot  
  116  8:43  Barracks  
  116  8:45  Barracks  
  116  8:46  Marine x2  
  107  8:53  Marine x2  
  88  9:03  SCV x2  
  90  9:13  SCV  
  90  9:15  SCV  
  92  9:17  Supply Depot  
  92  9:22  SCV  
  92  9:23  Engineering Bay  
  92  9:24  Engineering Bay  
  93  9:30  Marine x2  
  93  9:31  Marine x3  
  97  9:34  Barracks Reactor x2  
  98  9:39  SCV x2  
  98  9:40  SCV  
  98  9:44  Supply Depot  
  98  9:45  Medivac, Siege Tank  
  104  9:46  Medivac  
  104  9:48  Marine x2  
  110  9:53  Marine x3  
  113  10:01  SCV x2  
  113  10:02  SCV  
  113  10:03  Missile Turret  
  113  10:06  Marine x2, Missile Turret  
  118  10:13  Marine, Supply Depot, Terran Infantry Armor Level 1, Terran Infantry Weapons Level 1  
  118  10:14  Marine x6  
  125  10:21  SCV x3  
  125  10:22  Armory  
  125  10:24  Marine x2  
  130  10:30  Refinery  
  130  10:31  Marine x2  
  130  10:32  Marine x2  
  130  10:33  Medivac x2, Siege Tank  
  130  10:34  SCV x2  
  130  10:35  SCV  
  126  10:44  Marine x5  
  121  10:50  Marine x2  
  121  10:52  SCV  
  124  11:07  SCV x3  
  127  11:16  Marine x3  
  127  11:17  Marine x3  
  133  11:20  SCV x3  
  133  11:24  Marine x3  
  139  11:34  Marine x2  
  141  11:46  Marine x3  
  141  11:47  Marine x4  
Tags
 
Add a new tag
Caveats
  • Supply blocks, unpowered buildings, or Contaminate may cause inaccurate times.
  • Supply counts are checked every 10 seconds.